Map: Newkirk Precinct TE (Void)

Players

liquidthermy (uThermal) - Winner!

  • Race: Terran Terran
  • League: Grandmaster
  • Spawn Location: 7:00

Welmu

  • Race: Protoss Protoss
  • League: Grandmaster
  • Spawn Location: 5:00

VOD

Have the link to the VOD?

Description

Time

  • Played on: Nov. 30, 2016, 2:24 p.m.
  • Length: 16:45
Show
View Real Time Build Order
Export as new Build Order

liquidthermy Terran - Winner!

Build Orders:  

Get SALT Encoding   

  12  0:01  SCV  
  13  0:13  SCV  
  14  0:20  Supply Depot  
  14  0:25  SCV  
  15  0:42  SCV  
  16  0:43  Barracks  
  16  0:45  Refinery  
  16  0:54  SCV  
  17  1:06  SCV  
  18  1:18  SCV  
  19  1:30  Orbital Command, Marine  
  20  1:42  Command Center  
  20  1:53  Factory  
  20  1:56  SCV  
  21  2:04  Barracks Reactor  
  21  2:08  SCV  
  22  2:12  Supply Depot  
  22  2:15  Refinery  
  22  2:20  SCV  
  23  2:34  SCV  
  24  2:40  Starport, Marine  
  24  2:41  Marine  
  26  2:45  Widow Mine  
  26  2:46  SCV  
  29  2:54  Orbital Command  
  29  2:58  SCV  
  30  2:59  Marine x2  
  32  3:10  SCV  
  33  3:17  Medivac, Widow Mine, Marine x2  
  33  3:19  SCV  
  40  3:22  SCV  
  41  3:30  Supply Depot  
  41  3:32  SCV  
  42  3:34  SCV  
  42  3:39  Engineering Bay  
  43  3:44  SCV  
  43  3:45  Marine x2  
  46  3:51  SCV  
  46  3:52  Medivac  
  46  3:54  Widow Mine  
  51  3:56  SCV  
  51  3:58  Supply Depot  
  52  4:03  SCV  
  52  4:05  Missile Turret  
  52  4:07  Missile Turret  
  52  4:08  SCV  
  54  4:20  SCV, Marine x2  
  54  4:22  Bunker  
  57  4:25  Supply Depot, SCV  
  57  4:30  Factory Tech Lab  
  58  4:37  Marine  
  62  4:39  Supply Depot  
  62  4:46  SCV x2, Marine  
  62  4:47  Viking  
  62  4:52  Siege Tank  
  65  4:55  Marine  
  65  4:58  SCV x2  
  60  5:03  Marine  
  60  5:10  SCV x2  
  60  5:13  Marine  
  60  5:22  SCV x2  
  54  5:40  Medivac  
  51  5:46  Siege Tank  
  51  5:48  Marine  
  54  5:54  Marine  
  53  6:03  SCV  
  52  6:06  Marine  
  52  6:11  SCV  
  51  6:12  Marine  
  51  6:15  SCV  
  52  6:23  SCV  
  52  6:24  Refinery  
  52  6:25  Refinery, Marine  
  54  6:27  SCV  
  54  6:30  Marine  
  56  6:35  SCV  
  56  6:39  SCV  
  57  6:43  Marine  
  58  6:47  SCV  
  58  6:48  Marine  
  58  6:51  SCV  
  60  6:59  SCV  
  60  7:01  Marine  
  60  7:04  SCV  
  60  7:05  Marine  
  60  7:11  SCV  
  60  7:13  Siege Tank  
  64  7:16  SCV  
  64  7:19  Marine  
  65  7:23  SCV, Marine  
  65  7:28  SCV  
  67  7:36  SCV  
  68  7:37  Marine  
  68  7:40  SCV  
  65  7:45  Siege Tank  
  65  7:48  SCV  
  65  7:52  Liberator, SCV  
  65  7:55  Marine x2  
  68  8:00  SCV  
  68  8:04  SCV  
  68  8:10  Command Center  
  68  8:12  SCV  
  72  8:15  Supply Depot, Marine x2  
  72  8:16  SCV  
  75  8:21  Barracks  
  75  8:23  Barracks  
  75  8:24  Supply Depot  
  75  8:25  SCV  
  76  8:30  Terran Infantry Weapons Level 1  
  76  8:31  SCV  
  76  8:33  Marine  
  78  8:36  Marine  
  78  8:37  Siege Tank  
  78  8:38  Supply Depot  
  78  8:39  SCV  
  83  8:44  SCV  
  83  8:51  SCV, Marine  
  83  8:54  Starport Reactor  
  84  8:56  Barracks x2  
  84  8:58  SCV  
  84  9:01  Marine  
  86  9:04  Supply Depot, SCV  
  83  9:13  Liberator x2, SCV  
  81  9:20  Siege Tank, Barracks Tech Lab x2  
  81  9:22  Orbital Command, Marine x2  
  86  9:29  SCV  
  93  9:39  Combat Shields, Marauder x2  
  93  9:42  Stimpack, Marine  
  93  9:44  Barracks Tech Lab  
  93  9:45  Barracks Reactor  
  98  9:47  Marine  
  99  9:55  Orbital Command  
  99  9:56  SCV  
  100  10:00  Armory  
  100  10:01  Marine x2  
  100  10:02  Engineering Bay  
  100  10:06  Factory Reactor  
  99  10:11  SCV  
  100  10:15  Medivac x2  
  100  10:17  Marauder, Marine  
  100  10:19  SCV  
  107  10:21  SCV  
  107  10:23  Marine  
  107  10:24  Marauder, SCV  
  107  10:28  Supply Depot  
  112  10:32  SCV  
  112  10:33  Liberator, SCV, Marine  
  112  10:35  Marine  
  114  10:36  Liberator, SCV  
  114  10:44  Marine, SCV  
  114  10:45  Marauder, SCV  
  125  10:58  Marine x2  
  125  11:02  Marine  
  125  11:03  Marauder  
  123  11:06  Marine  
  123  11:07  Marine  
  110  11:14  Widow Mine x2  
  110  11:15  Marine  
  111  11:21  Starport  
  111  11:23  Fusion Core  
  110  11:27  Refinery  
  110  11:28  Refinery  
  110  11:30  Marine  
  110  11:31  Marine  
  112  11:35  Terran Infantry Armor Level 1  
  112  11:40  Terran Infantry Weapons Level 2  
  112  11:42  Marauder, Marine x2  
  112  11:43  Marine  
  112  11:45  Marine  
  118  11:56  Liberator, Missile Turret  
  118  11:57  Marine  
  118  11:58  Missile Turret x3  
  118  11:59  Liberator  
  119  12:02  Marauder  
  119  12:03  Marauder  
  119  12:07  Marine  
  119  12:08  Marauder  
  126  12:10  Marine  
  126  12:12  Advanced Ballistics  
  130  12:23  Marauder  
  130  12:24  Supply Depot  
  130  12:25  Supply Depot  
  130  12:26  Marauder, Marine x2  
  133  12:35  Liberator  
  133  12:37  Marine  
  133  12:38  Marauder, Marine  
  133  12:43  Marine  
  136  12:44  Marauder  
  136  12:46  Marine  
  136  12:48  Supply Depot x2, Marauder  
  138  12:57  Marine  
  136  13:00  Marauder  
  138  13:06  Concussive Shells  
  138  13:07  Marauder  
  138  13:08  Liberator  
  139  13:16  Liberator  
  139  13:17  Widow Mine  
  139  13:18  Widow Mine  
  134  13:25  Liberator  
  133  13:36  Marine x3  
  127  13:44  Marine  
  132  13:49  Marine, Missile Turret  
  132  13:53  Marine  
  133  13:57  Terran Infantry Armor Level 2  
  132  14:04  Terran Infantry Weapons Level 3  
  132  14:06  Liberator, Marine x2  
  132  14:09  Marine x2  
  135  14:10  Liberator  
  135  14:13  Marine  
  135  14:14  Liberator  
  137  14:20  Marauder, Marine  
  143  14:24  Marine  
  143  14:31  Marauder  
  152  14:41  Supply Depot  
  152  14:43  Supply Depot, Marine x2  
  152  14:49  Liberator  
  152  14:53  Liberator  
  152  14:56  Liberator  
  152  15:05  Widow Mine x2  
  159  15:11  Marauder, Marine  
  159  15:12  Marine  
  159  15:13  Marauder  
  171  15:18  Marine  
  171  15:20  Supply Depot  
  172  15:27  Marauder  
  173  15:36  Marine x2  
  173  15:37  Marauder  
  173  15:39  Widow Mine  
  173  15:40  Widow Mine  
  113  15:59  Marine x2  
  113  16:00  Marauder x2, Marine  
  113  16:01  Marauder  
  111  16:08  Widow Mine  
  111  16:09  Marine  
  106  16:17  Marine  
  107  16:21  Marauder  
  107  16:24  Marine x2  
Show
View Real Time Build Order
Export as new Build Order

Welmu Protoss 

Build Orders: 1 Gate Expand 

Get SALT Encoding   

  12  0:00  Probe (Chrono Boost)  
  13  0:11  Probe (Chrono Boost)  
  14  0:19  Pylon  
  14  0:22  Probe (Chrono Boost)  
  15  0:37  Probe (Chrono Boost)  
  15  0:38  Gateway  
  16  0:43  Assimilator  
  16  0:48  Probe (Chrono Boost)  
  17  0:58  Probe (Chrono Boost)  
  18  1:09  Probe (Chrono Boost)  
  19  1:19  Nexus  
  19  1:29  Cybernetics Core  
  19  1:32  Probe (Chrono Boost)  
  20  1:37  Assimilator  
  20  1:42  Probe (Chrono Boost)  
  21  1:47  Pylon  
  21  1:53  Probe (Chrono Boost)  
  22  2:02  Adept  
  22  2:04  Probe (Chrono Boost)  
  22  2:06  Warp Gate  
  26  2:17  Probe (Chrono Boost)  
  26  2:20  Twilight Council  
  26  2:27  Adept  
  26  2:29  Probe (Chrono Boost)  
  29  2:32  Probe (Chrono Boost)  
  30  2:40  Probe (Chrono Boost)  
  30  2:42  Probe (Chrono Boost)  
  32  2:45  Resonating Glaives  
  32  2:51  Probe (Chrono Boost), Robotics Facility  
  33  2:53  Probe (Chrono Boost)  
  34  3:03  Probe (Chrono Boost)  
  35  3:06  Probe (Chrono Boost)  
  36  3:15  Probe (Chrono Boost)  
  36  3:16  Probe (Chrono Boost)  
  38  3:21  Gateway  
  38  3:22  Gateway  
  40  3:27  Probe x2 (Chrono Boost)  
  40  3:32  Pylon  
  40  3:33  Warp Prism  
  43  3:42  Probe (Chrono Boost)  
  43  3:47  Mothership Core (Chrono Boost)  
  45  3:50  Pylon  
  45  3:53  Pylon  
  45  3:54  Probe (Chrono Boost)  
  46  4:04  Assimilator  
  46  4:06  Probe (Chrono Boost)  
  46  4:08  Probe (Chrono Boost), Assimilator  
  48  4:15  Adept x2  
  53  4:18  Probe (Chrono Boost)  
  53  4:20  Probe (Chrono Boost)  
  53  4:21  Pylon  
  54  4:30  Probe (Chrono Boost)  
  55  4:35  Robotics Bay  
  55  4:36  Forge  
  55  4:42  Observer  
  55  4:43  Adept x3  
  56  5:03  Adept x3  
  50  5:08  Probe x2 (Chrono Boost)  
  48  5:20  Probe x2 (Chrono Boost)  
  50  5:23  Adept x2  
  46  5:31  Stalker x2  
  46  5:32  Probe x2 (Chrono Boost)  
  50  5:38  Warp Prism  
  52  5:43  Probe x2 (Chrono Boost)  
  52  5:53  Probe x2 (Chrono Boost)  
  50  6:04  Probe x2 (Chrono Boost)  
  48  6:14  Probe x2 (Chrono Boost), Adept  
  48  6:15  Adept  
  52  6:25  Probe x2 (Chrono Boost)  
  54  6:29  Protoss Ground Weapons Level 1  
  54  6:33  Colossus  
  54  6:35  Probe (Chrono Boost)  
  54  6:36  Probe (Chrono Boost)  
  60  6:44  Assimilator  
  60  6:46  Probe x2 (Chrono Boost)  
  58  6:47  Adept x2  
  62  6:56  Probe (Chrono Boost)  
  62  6:57  Probe (Chrono Boost)  
  64  7:07  Probe x2 (Chrono Boost)  
  65  7:10  Adept x2  
  69  7:18  Probe (Chrono Boost)  
  69  7:20  Gateway  
  70  7:28  Colossus  
  76  7:32  Probe x2 (Chrono Boost)  
  78  7:43  Probe (Chrono Boost)  
  75  7:48  Stalker x2  
  75  7:50  Nexus  
  73  7:54  Extended Thermal Lance  
  71  8:02  Blink  
  71  8:13  Gateway x2  
  71  8:16  Gateway  
  71  8:18  Sentry  
  71  8:19  Sentry  
  75  8:21  Pylon  
  75  8:24  Sentry  
  75  8:25  Pylon  
  77  8:39  Colossus  
  83  8:42  Adept  
  83  8:43  Adept  
  87  8:54  Adept  
  88  8:59  Pylon  
  88  9:00  Pylon  
  88  9:02  Pylon  
  88  9:04  Pylon  
  88  9:14  Protoss Ground Armor Level 1  
  84  9:17  Nexus  
  84  9:23  Pylon  
  84  9:25  Pylon  
  84  9:27  Adept x3  
  90  9:35  Stalker x3  
  96  9:39  Pylon  
  96  9:59  Probe (Chrono Boost)  
  96  10:00  Probe (Chrono Boost)  
  96  10:09  Probe (Chrono Boost)  
  96  10:12  Probe (Chrono Boost)  
  98  10:19  Warp Prism  
  98  10:20  Probe (Chrono Boost)  
  101  10:25  Probe (Chrono Boost), Pylon  
  101  10:27  Adept x5  
  112  10:37  Templar Archives  
  112  10:39  Probe (Chrono Boost)  
  113  10:50  Stalker x4  
  113  10:55  Pylon  
  115  11:09  Stalker x2  
  91  11:24  Adept x4  
  99  11:33  Colossus  
  99  11:39  Stalker x2  
  109  11:43  Nexus  
  109  11:45  Stalker x2  
  113  11:53  Stalker x2  
  117  12:08  Probe x2 (Chrono Boost), Psionic Storm  
  119  12:10  Probe (Chrono Boost)  
  119  12:20  Pylon  
  119  12:24  Pylon  
  119  12:27  Observer  
  120  12:35  Assimilator  
  120  12:36  Probe (Chrono Boost)  
  122  12:38  Probe (Chrono Boost), High Templar x2, Stalker x3  
  122  12:39  Assimilator, Stalker  
  132  12:45  Probe (Chrono Boost)  
  130  12:52  Archon  
  126  13:01  Adept x2  
  126  13:02  Adept x2  
  126  13:04  Probe (Chrono Boost)  
  125  13:07  Probe x3 (Chrono Boost)  
  117  13:14  Probe (Chrono Boost)  
  117  13:18  Probe x2 (Chrono Boost)  
  117  13:19  Probe (Chrono Boost), High Templar x2  
  122  13:21  Protoss Ground Weapons Level 2  
  122  13:24  High Templar  
  122  13:25  Probe (Chrono Boost), High Templar  
  120  13:28  Probe x2 (Chrono Boost)  
  120  13:31  Probe (Chrono Boost)  
  106  13:35  Probe (Chrono Boost)  
  106  13:39  Probe x2 (Chrono Boost)  
  109  13:43  Probe (Chrono Boost)  
  109  13:45  Adept x2  
  109  13:46  Probe (Chrono Boost)  
  115  13:49  Probe x2 (Chrono Boost)  
  115  13:55  High Templar  
  120  13:56  Probe (Chrono Boost)  
  120  14:00  Probe x2 (Chrono Boost)  
  120  14:02  Probe (Chrono Boost)  
  123  14:07  High Templar  
  123  14:08  Stalker  
  127  14:10  Pylon  
  127  14:12  Probe (Chrono Boost)  
  127  14:14  Stalker  
  131  14:23  Stalker x2  
  128  14:31  Stargate  
  126  14:49  Nexus  
  126  14:59  Stalker x3  
  132  15:29  Stalker x3  
  132  15:33  Adept x3  
  134  15:51  Archon  
  134  15:54  Adept  
  134  15:55  Adept x5  
  88  16:06  Pylon  
  88  16:08  Pylon  
  76  16:15  Stalker x4  
Tags
 
Add a new tag
Caveats
  • Supply blocks, unpowered buildings, or Contaminate may cause inaccurate times.
  • Supply counts are checked every 10 seconds.